AoeStats
← novakmarek.spk

Four Lakes

508200293Analyzed
1v1 RM · 11d ago on Sep 21, 2026· 42m 42s· 2 players
Game mode
Random Map
Map size
Tiny (2 player)
Population
200
Speed
Normal
Resources
Standard
Victory
Conquest
Starting age
Dark Age
Ending age
Imperial Age
RankedLock teamsTeams togetherTeam positionsShared explorationLock speedFull tech treeHidden civsTurbo modeCheats
Victory
Defeat
🇨🇿 Britons · Czechia
923
+17
🇹🇷 Burmese · Türkiye
940
-17
novakmarek.spk
5:20 Loom
10:39 Feudal Age
14:06 Double-Bit Axe
18:53 Castle Age
16:57 Padded Archer Armor
18:26 Gold Mining
19:19 Elite Skirmisher
19:52 Fletching
23:46 Elite Skirmisher
24:34 Crossbowman
32:06 Bodkin Arrow
32:27 Leather Archer Armor
33:59 Ballistics
35:06 Treadmill Crane
35:22 Murder Holes
35:56 Bow Saw
36:21 Fishing Lines
41:03 Imperial Age
40:55 Fortified Wall
42:07 Bracer
unK
10:53 Feudal Age
9:11 Loom
11:40 Fishing Lines
11:56 Man-at-Arms
13:04 Arson
17:46 Fletching
18:28 Scale Mail Armor
26:12 Castle Age
26:21 Long Swordsman
26:23 Elite Skirmisher
27:00 Bodkin Arrow
27:31 Gambesons
30:37 Gillnets
32:46 Forging
32:49 Padded Archer Armor
32:49 Stone Mining
36:15 Ballistics
37:03 Wheelbarrow
Connection lost

Rejoining the realm…

Still unreachable

The connection could not be restored.

Session expired

The server has moved on; the page needs a fresh start.